 Dungeon Crawl Stone Soup version 0.32-a0-485-g70f7560 (webtiles) character file.

Game seed: 14678638303526385228

28 Remcycle the Slasher (level 2, -4/26 HPs)
             Began as a Draconian Monk on Feb 26, 2024.
             Killed by divine providence
             ... invoked by an orc priest
              (11 damage)
             ... on level 2 of the Dungeon.
             The game lasted 00:01:12 (448 turns).

Remcycle the Slasher (Draconian Monk)                Turns: 448, Time: 00:01:13

Health: -4/26      AC:  5    Str: 13    XL:     2   Next: 96%
Magic:  2/2        EV: 12    Int: 10    God:
Gold:   47         SH:  0    Dex: 13    Spells: 1/1 levels left

rFire   . . .        a - +0 falchion
rCold   . . .        c - orb {light}
rNeg    . . .        (body armour unavailable)
rPois   .            (helmet restricted)
rElec   .            (no cloak)
rCorr   .            g - +0 pair of gloves
SInv    .            (no boots)
Will    .....        (no amulet)
Stlth   +            (no ring)
HPRegen 0.24/turn    (no ring)
MPRegen 0.08/turn

%: no passive effects
@: glowing
A: AC +4, unfitting armour, cold-blooded
a: Convert to Beogh


You were on level 2 of the Dungeon.
You visited 1 branch of the dungeon, and saw 2 of its levels.

You collected 47 gold pieces.

Inventory:

Hand Weapons
 a - a +0 falchion (weapon)
Armour
 c - an orb of light (worn)
 g - a +0 pair of gloves (worn)
Scrolls
 d - 2 scrolls of silence {unknown}
 e - 2 scrolls of identify {unknown}
 f - a scroll of teleportation {unknown}
Potions
 b - a potion of ambrosia


   Skills:
 - Level 3.2 Fighting
 + Level 4.2 Long Blades
 - Level 2.6 Dodging


You had one spell level left.
You didn't know any spells.
Your spell library was empty.

Dungeon Overview and Level Annotations

Branches:
Dungeon (2/15)

Altars:


Innate Abilities, Weirdness & Mutations

Your plain brown scales are hard. (AC +4)
You cannot fit into any form of body armour.
You are cold-blooded and may be slowed by cold attacks.


Message History

You see here a jackal corpse.
The kobold closely misses you.
You hit the kobold.
You kill the kobold!
No target in view!
No target in view!
HP restored.
An orc priest and 2 orcs come into view.
The orc priest is wielding a +0 dagger and wearing a +1 scale mail of cold resistance.
The orc shouts!
The orc priest shouts!
The orc shouts!
The orc throws a boomerang.
The boomerang hits you but does no damage.
The orc priest miscasts a cantrip.
Found 23 gold pieces.
The orc throws a boomerang.
The boomerang barely misses you. The orc hits you with a +0 club.
You hit the orc but do no damage.
Your tail-slap misses the orc.
The orc hits you but does no damage.
The orc priest miscasts a cantrip.
You hit the orc.
The orc is almost dead.
The orc hits you but does no damage.
You barely miss the orc.
The orc is almost dead.
The orc hits you with a +0 club.
The orc throws a boomerang.
The boomerang hits you.
You barely miss the orc.
The orc is almost dead.
The orc hits you but does no damage.
The orc priest mumbles some strange prayers to Beogh against you.
Pain shoots through your body!
Ouch! That really hurt!
* * * LOW HITPOINT WARNING * * *
The orc priest shouts, "The Pantheon deserves no one's loyalty.
Let us show you the true path!" (press Y on the ability menu to convert to Beogh)
You hit the orc priest.
The orc priest is moderately wounded.
The orc barely misses you.
The orc priest invokes the aid of Beogh against you.
Beogh smites you!
You die...

######........
#...##........
#†..##..<.....
###...#.........
####....<...)......
#..................
###..................
.....?$.#########....
##.##....@o....# ...
# #....#o..#..# ##
#.....o.....$
....#.........⌠
..#............$ .
####..#...#..#
.........##
#.########


You could see an orc priest and 2 orcs.

Vanquished Creatures
  4 ball pythons (D:1)
  2 bats (D:1)
  An endoplasm (D:1)
  2 giant cockroaches
  3 goblins (D:1)
  4 hobgoblins (D:1)
  2 jackals (D:2)
  3 kobolds
  2 frilled lizards (D:1)
23 creatures vanquished.

Notes
Turn   | Place    | Note
-------+----------+-------------------------------------------
     0 | D:1      | Remcycle the Draconian Monk began the quest for the Orb.
     0 | D:1      | Reached XP level 1. HP: 19/19 MP: 1/1
    39 | D:1      | Found a faded altar of an unknown god.
    67 | D:1      | Reached XP level 2. HP: 26/26 MP: 2/2
   327 | D:1      | Reached skill level 4 in Long Blades
   448 | D:2      | Killed from afar by an orc priest

Illustrated notes

Levels and vault maps discovered:
D:1:      dpeg_arrival_erosion, layout_rooms,
          hellmonk_ecumenical_altar_pennies_from_heaven
D:2:      cheibrodos_pilgrimage, layout_rooms, basic_altar, minmay_distorted

Skill      XL: |  1  2 |
---------------+-------+-----
Long Blades    | 4 |  4.2
Fighting       | |  3.2
Dodging        | |  2.6

Action                     || total
---------------------------++-------
  Melee: Falchion          ||    45
         Tailslap          ||     4
 Armour: Skin              ||    31
  Dodge: Dodged            ||    28

Table legend: (Time is in decaauts)
 A = Elapsed time spent in this place.
 B = Non-inter-level travel time spent in this place.
 C = Inter-level travel time spent in this place.
 D = Time resting spent in this place.
 E = Time spent auto-exploring this place.
 F = Levels seen in this place.
 G = Mean time per level.
                   A        B        C        D        E       F      G
               +--------+--------+--------+--------+--------+-----+--------+
         Total |    456 |    400 |     56 |      0 |    290 |   2 |  228.0 |
       Dungeon |    456 |    400 |     56 |      0 |    290 |   2 |  228.0 |
               +--------+--------+--------+--------+--------+-----+--------+

Top non-repeatable levels by time:
     D:1: 417 daAuts
     D:2: 38 daAuts
